 Dungeon Crawl Stone Soup version 0.17-a0-1635-gd4e48f1 (webtiles) character file.

101 karlkraus the Covered (level 4, 0/40 HPs)
             Began as a Minotaur Fighter on Aug 4, 2015.
             Killed by nerve-wracking pain
             ... invoked by Grinder
              (12 damage)
             ... on level 3 of the Dungeon.
             The game lasted 00:03:55 (1368 turns).

karlkraus the Covered (Minotaur Fighter)            Turns: 1368, Time: 00:03:56

Health: 0/40       AC:  8    Str: 27    XL:     4   Next: 48%
Magic:  3/3        EV:  8    Int:  5    God:
Gold:   116        SH: 10    Dex:  9    Spells: 0 memorised, 3 levels left

rFire  . . .     SeeInvis .     a - +0 flail
rCold  . . .     Clarity  .     b - +0 scale mail
rNeg   . . .     SustAt   .     c - +0 shield
rPois  .         Gourm    .     (helmet restricted)
rElec  .         Spirit   .     (no cloak)
rCorr  .         Warding  .     m - +0 pair of gloves
rMut   .         Stasis   .     (no boots)
MR     .....                    (no amulet)
Stlth  ..........               (no ring)
                                (no ring)

@: mighty, not resistant to hostile enchantments, extremely unstealthy
A: retaliatory headbutt, horns 2
a: no special abilities


You were on level 3 of the Dungeon.
You were hungry.

You visited 1 branch of the dungeon, and saw 3 of its levels.

You collected 116 gold pieces.

Inventory:

Hand weapons
 a - a +0 flail (weapon)
Armour
 b - a +0 scale mail (worn)
 c - a +0 shield (worn)
 m - a +0 pair of gloves (worn)
Jewellery
 t - an uncursed ring of invisibility {unknown}
Magical devices
 j - a wand of fireball (10)
Scrolls
 h - 3 scrolls of remove curse {unknown}
 i - 2 scrolls of amnesia {unknown}
 l - a scroll of fog {unknown}
 o - a scroll of enchant weapon {unknown}
 q - a scroll of immolation {unknown}
 r - a scroll of teleportation {unknown}
 u - a scroll of enchant armour {unknown}
 v - a scroll of fear {unknown}
Potions
 d - a potion of might
 f - a potion of cancellation {unknown}
 g - a potion of curing {unknown}
 k - 2 potions of flight {unknown}
 p - a potion of poison {unknown}
Comestibles
 e - 2 bread rations
 n - a beef jerky
 s - 3 fruits
 w - 12 chunks of flesh


   Skills:
 + Level 4.2 Fighting
 + Level 2.8 Maces & Flails
 + Level 4.8 Armour
 + Level 0.9 Dodging
 + Level 4.6 Shields


You had 3 spell levels left.
You didn't know any spells.

Dungeon Overview and Level Annotations

Branches:
Dungeon (3/15)

Altars:
Fedhas
Okawaru

Annotations:
D:3 Grinder, Ijyb


Innate Abilities, Weirdness & Mutations

You reflexively headbutt those who attack you in melee.
You have a pair of horns on your head.


Message History

Grinder is nearby!
Drink which item? (? for menu, Esc to quit)
You feel very mighty all of a sudden.
Grinder says, "FISH!"
Grinder gestures at you.
You barely resist. You hit Grinder. You headbutt Grinder!!
Grinder is severely wounded.
Grinder gestures at you. Pain shoots through your body! Grinder hits you.
You writhe in agony.
* * * LOW HITPOINT WARNING * * *
You are too injured to fight recklessly!
You are too injured to fight recklessly!
You are too injured to fight recklessly!
You are too injured to fight recklessly!
You barely miss Grinder.
Grinder is severely wounded.
Grinder gestures at you. Pain shoots through your body!
You die...

### ..# ######### #.#
#........ ..# #.......#
#.# ##### #5......#
##########...###@..(...#
...............".......#
##########...###.......#
..............##########
##########....# ......#
###...## #.# #...#####
#.# #####...#


You could see Grinder.

Vanquished Creatures
  Terence (D:2)
  A gnoll (D:2)
  Robin (D:3)
  An orc (D:2)
  8 bats
  2 giant cockroaches
  7 hobgoblins
  2 jackals (D:3)
  2 quokkas (D:2)
  2 giant geckos (D:2)
  3 giant newts
  15 goblins
  5 kobolds
  5 rats
55 creatures vanquished.

Notes
Turn   | Place    | Note
--------------------------------------------------------------
     0 | D:1      | karlkraus the Minotaur Fighter began the quest for the Orb.
     0 | D:1      | Reached XP level 1. HP: 19/19 MP: 0/0
   257 | D:1      | Reached skill level 4 in Armour
   257 | D:1      | Reached XP level 2. HP: 25/27 MP: 1/1
   584 | D:2      | Noticed Terence
   589 | D:2      | Killed Terence
   589 | D:2      | Reached XP level 3. HP: 33/33 MP: 2/2
   899 | D:2      | Found a blossoming altar of Fedhas.
   948 | D:2      | Found an iron altar of Okawaru.
  1090 | D:3      | Reached XP level 4. HP: 37/40 MP: 3/3
  1220 | D:3      | Noticed Robin
  1252 | D:3      | Killed Robin
  1301 | D:3      | Noticed Ijyb
  1364 | D:3      | Noticed Grinder
  1368 | D:3      | Killed from afar by Grinder

Vault maps used:
D:1:      lightli_arrival_quake
D:2:      okawaru_altar_gauntlet_db, fedhas_altar_fruit_tree, uniq_terence
D:3:      kennysheep_goblin_castle, uniq_robin, uniq_grinder, uniq_iyjb,
          uniq_sigmund

Action                   |  1- 3 |  4- 6 || total
-------------------------+-------+-------++-------
Melee: Flail             |   105 |    48 ||   153
  Use: Potion            |       |     1 ||     1
  Eat: Chunk             |     1 |       ||     1
